 Dungeon Crawl Stone Soup version 0.29-a0-973-gac7da5f7f0 (webtiles) character file.

Game seed: 509460347478227925

10719 spiderkeys the Cleaver (level 11, -1/81 HPs)
             Began as a Hill Orc Fighter on Aug 1, 2022.
             Was an Elder of Hepliaklqana.
             Slain by a cane toad (13 damage)
             ... on level 1 of the Lair of Beasts.
             The game lasted 00:19:43 (13817 turns).

spiderkeys the Cleaver (Hill Orc Fighter)          Turns: 13817, Time: 00:19:44

Health: -1/81      AC: 15    Str: 21 (24) XL:     11   Next: 66%
Magic:  20/20      EV:  7    Int: 10 (12) God:    Hepliaklqana [****..]
Gold:   734        SH: 11    Dex: 10 (12) Spells: 10/10 levels left

rFire   . . .      SeeInvis +   f - +3 whip "Laifeini" {freeze, Int+4 Dex+2 SInv}
rCold   . . .      Faith    .   l - +0 kite shield
rNeg    . . .      Spirit   .   c - +0 chain mail
rPois   .          Reflect  .   o - +0 helmet
rElec   .          Harm     .   (no cloak)
rCorr   .          Rampage  .   (no gloves)
Will    .....                   e - +1 pair of boots
Stlth   ..........              (no amulet)
HPRegen 0.23/turn               W - ring of magical power
MPRegen 0.17/turn               (no ring)

@: no status effects
A: reduced essence, deterioration 1, frail 1
a: Renounce Religion, Recall Ancestor, Ancestor Identity, Transference, Idealise


You were on level 1 of the Lair of Beasts.
You worshipped Hepliaklqana.
Hepliaklqana was greatly pleased with you.
You visited 2 branches of the dungeon, and saw 12 of its levels.

You collected 734 gold pieces.


Innate Abilities, Weirdness & Mutations

Your life essence is reduced to manifest your ancestor. (-10% HP)
Your body sometimes deteriorates upon taking damage.
You are frail. (-10% HP)


   Skills:
 + Level 11.4 Fighting
 + Level 12.1 Axes
 + Level 10.5 Armour
 + Level 10.5 Shields


You had 10 spell levels left.
You didn't know any spells.
Your spell library contained the following spells:

 Spells                   Type           Power      Damage    Failure   Level
 Magic Dart               Conj           0%         1d3       99%         1
 Slow                     Hex            0%         N/A       99%         1
 Sting                    Tmut/Pois      0%         1d3       99%         1
 Call Imp                 Summ           0%         N/A       100%        2
 Confusing Touch          Hex            0%         N/A       100%        3
 Gell's Gravitas          Tloc           0%         N/A       100%        3
 Ignite Poison            Fire/Tmut/Pois 0%         N/A       100%        3
 Lesser Beckoning         Tloc           0%         N/A       100%        3
 Mephitic Cloud           Conj/Pois/Air  0%         N/A       100%        3
 Teleport Other           Tloc           0%         N/A       100%        3
 Vampiric Draining        Necr           0%         2d6       100%        3
 Ice Form                 Ice/Tmut       0%         N/A       100%        4
 Freezing Cloud           Conj/Ice/Air   0%         6-21      100%        5
 Irradiate                Conj/Tmut      0%         3d11      100%        5
 Malign Gateway           Summ/Tloc      0%         N/A       100%        7
 Summon Horrible Things   Summ           0%         N/A       100%        8

Inventory:

Hand Weapons
 a - a +1 war axe
 f - the +3 whip "Laifeini" (weapon) {freeze, Int+4 Dex+2 SInv}
   (You took it off a kobold on level 2 of the Dungeon)

   It freezes those it strikes, dealing additional cold damage.
   It can also slow down cold-blooded creatures.
   Int:       It affects your intelligence (+4).
   Dex:       It affects your dexterity (+2).
   SInv:      It lets you see invisible.
Missiles
 g - 4 javelins (quivered)
 h - 57 stones
 r - 14 poisoned darts
 w - 3 boomerangs
 F - a throwing net {=f!f}
Armour
 c - a +0 chain mail (worn)
   (You found it on level 1 of the Dungeon)
 e - a +1 pair of boots (worn)
   (You found it on level 1 of the Dungeon)
 l - a +0 kite shield (worn)
   (You found it on level 1 of the Dungeon)
 o - a +0 helmet (worn)
   (You found it on level 6 of the Dungeon)
 t - a +0 plate armour
   (You took it off an orc warrior on level 9 of the Dungeon)
 E - the +1 leather armour of Vanity {Rampage SInv}
   (You found it on level 4 of the Dungeon)

   SInv:      It lets you see invisible.
   Rampage:   It bestows one free step when moving towards enemies.
 J - a +0 scale mail
   (You took it off an orc on level 9 of the Dungeon)
 N - a +0 scale mail of fire resistance
   (You took it off an orc on level 9 of the Dungeon)
 O - a +0 scale mail
   (You found it on level 10 of the Dungeon)
 T - a +0 scale mail
   (You found it on level 10 of the Dungeon)
 X - a +0 leather armour
   (You found it on level 10 of the Dungeon)
Jewellery
 W - a ring of magical power (left hand)
   (You found it on level 3 of the Dungeon)
Wands
 C - a wand of roots (3)
   (You found it on level 7 of the Dungeon)
 M - a wand of charming (9)
   (You took it off Ijyb on level 5 of the Dungeon)
 Q - a wand of polymorph (6)
   (You found it on level 5 of the Dungeon)
 U - a wand of flame (14)
   (You found it on level 5 of the Dungeon)
Scrolls
 i - 2 scrolls of enchant weapon
 k - a scroll of torment {!r}
 q - a scroll of fear
 v - a scroll of immolation {!r!r}
 x - a scroll of brand weapon
 y - 2 scrolls of amnesia
 z - a scroll of magic mapping {!r}
 D - 2 scrolls of silence {!r}
 G - a scroll of teleportation {@r4}
 I - a scroll of noise {!r}
 K - a scroll of blinking {!r}
 L - a scroll of enchant armour
 P - 4 scrolls of identify {@r1}
 Y - a scroll of butterflies
Potions
 b - 3 potions of cancellation
 d - a potion of might
 j - a potion of ambrosia
 m - a potion of flight
 n - a potion of degeneration {!q}
 p - a potion of lignification {!q}
 s - a potion of resistance {unknown}
 u - 2 potions of heal wounds {@q2}
 A - a potion of attraction {unknown}
 H - a potion of magic {unknown}
 R - a potion of brilliance {unknown}
 S - a potion of curing {@q1}
Miscellaneous
 V - a phantom mirror
   (You found it on level 10 of the Dungeon)

Dungeon Overview and Level Annotations

Branches:
Dungeon (11/15) Zot: 26546  Temple (0/1) D:6            Lair (1/5) D:8 Zot: 5478
    Orc (0/2) D:9

Altars:
Ashenzari
Gozag
Hepliaklqana
Kikubaaqudgha
Makhleb
Nemelex Xobeh
Okawaru
Qazlal
Trog
Yredelemnul

Shops:
D:4 (   D:7 :   D:10 :

Annotations:
D:5 2 transporters, greasedhog's ghost, novice GrHu
D:10 exclusion: ice statue

#...................##
#.....######.##.....#.
##......# ####.....+.
#P.....## #.....#.
#......## #......#
##......# #.......
#.....#########.)..<..
#.....F...............
#....@D..............#
##....................#
#.....................#
##...###+.#............
#...#................#
#...#....#...........#
#..[.##.##...........#
#.....................
##############.####.##


You could see a seven-headed hydra (slow) and a cane toad.


Message History

Aiming: Fastroot
Press: ? - help, Shift-Dir - straight line, f/p - seven-headed hydra
Aim: a seven-headed hydra (moderately wounded)
The roots erupt in riotous growth!
Roots grab the seven-headed hydra.
The grasping roots constrict the seven-headed hydra.
You hear a loud, deep croak!
The seven-headed hydra struggles to escape constriction.
The grasping roots constrict the seven-headed hydra.
The roots release their grip on the seven-headed hydra. 😕 HP[+1]
Aiming: Fastroot
Press: ? - help, Shift-Dir - straight line, f/p - seven-headed hydra
Aim: a seven-headed hydra (moderately wounded)
The roots erupt in riotous growth!
Roots grab the seven-headed hydra.
The grasping roots constrict the seven-headed hydra.
You hear a croak.
The seven-headed hydra struggles to escape constriction.
The grasping roots constrict the seven-headed hydra.
The roots release their grip on the seven-headed hydra. 😕 HP[+1]
Aiming: Throw Flame
Press: ? - help, Shift-Dir - straight line, f/p - seven-headed hydra
Aim: a seven-headed hydra (heavily wounded, 89% to hit)
The puff of flame hits the seven-headed hydra.
You feel clever.
You feel agile.
The +3 whip "Laifeini" {freeze, Int+4 Dex+2 SInv} glows with a cold blue light!
f - the +3 whip "Laifeini" (weapon)
{freeze, Int+4 Dex+2 SInv} A cane toad comes into view.
The cane toad gives a loud, deep croak!
You hit the seven-headed hydra.
The seven-headed hydra seems to slow down.
You freeze the seven-headed hydra. The seven-headed hydra bites you.
You block the seven-headed hydra's attack.
The seven-headed hydra barely misses you.
The seven-headed hydra bites you but does no damage.
The seven-headed hydra barely misses you.
The seven-headed hydra bites you!
The seven-headed hydra bites you. 😮 HP[-15]
You take 15 damage, and now have 59/81 hp.
You hit the seven-headed hydra.
The seven-headed hydra seems to slow down.
You freeze the seven-headed hydra. You barely miss the seven-headed hydra.
The seven-headed hydra bites you but does no damage. x2
The seven-headed hydra bites you!
The seven-headed hydra barely misses you.
The seven-headed hydra bites you but does no damage.
The seven-headed hydra bites you.
You block the seven-headed hydra's attack. 😮 HP[-13]
You take 13 damage, and now have 46/81 hp.
You whack the seven-headed hydra!
The seven-headed hydra seems to slow down.
You freeze the seven-headed hydra. 😮 HP[+1]
You hit the seven-headed hydra.
The seven-headed hydra seems to slow down.
You freeze the seven-headed hydra. The seven-headed hydra bites you!
* * * LOW HITPOINT WARNING * * *
The seven-headed hydra barely misses you.
You block the seven-headed hydra's attack.
The seven-headed hydra bites you but does no damage.
The seven-headed hydra barely misses you. x2
You block the seven-headed hydra's attack. 😨 HP[-9]
You take 9 damage, and now have 38/81 hp.
You hit the seven-headed hydra.
The seven-headed hydra seems to slow down.
You freeze the seven-headed hydra.
You block the seven-headed hydra's attack. x2
The seven-headed hydra bites you.
* * * LOW HITPOINT WARNING * * *
The seven-headed hydra bites you but does no damage.
The seven-headed hydra bites you.
* * * LOW HITPOINT WARNING * * *
The seven-headed hydra bites you.
* * * LOW HITPOINT WARNING * * *
The seven-headed hydra bites you but does no damage. 😨 HP[-11]
You take 11 damage, and now have 27/81 hp.
Unknown command.
You whack the seven-headed hydra!
The seven-headed hydra seems to slow down.
You freeze the seven-headed hydra.
The cane toad stings you but does no damage.
You block the seven-headed hydra's attack. x2
The seven-headed hydra closely misses you.
The seven-headed hydra bites you!
* * * LOW HITPOINT WARNING * * *
The seven-headed hydra bites you.
* * * LOW HITPOINT WARNING * * *
The seven-headed hydra bites you but does no damage. x2 😱 HP[-15]
You take 15 damage, and now have 12/81 hp.
Unknown command.
You hit the seven-headed hydra. You freeze the seven-headed hydra.
The cane toad stings you!
You die...

Skill      XL: |  1  2  3  4  5  6  7  8  9 10 11 |
---------------+----------------------------------+-----
Axes           | 3 4 5 6 7 9 11 12 | 12.1
Fighting       | 4 5 6 7 9 10 11 | 11.4
Armour         | 4 5 6 8 9 10 | 10.5
Shields        | 4 5 6 8 9 10 | 10.5

Action                   |  1- 3 |  4- 6 |  7- 9 | 10-12 || total
-------------------------+-------+-------+-------+-------++-------
Melee: War axe           |    66 |    52 |   255 |   285 ||   658
       Whip              |    48 |    75 |       |     8 ||   131
Throw: Javelin           |       |     1 |       |       ||     1
       Boomerang         |       |     1 |       |       ||     1
Invok: Ancestor Identity |       |       |     1 |       ||     1
       Recall Ancestor   |       |       |     1 |     4 ||     5
       Ancestor Life: He |       |       |     1 |       ||     1
       Idealise          |       |       |       |     1 ||     1
Evoke: Wand              |       |       |     4 |     9 ||    13
  Use: Scroll            |       |     7 |     4 |     2 ||    13
       Potion            |       |       |       |     8 ||     8
 Stab: Distracted        |       |       |     4 |     7 ||    11
       Confused          |       |       |     2 |     4 ||     6
Armor: Scale mail        |    62 |    40 |       |       ||   102
       Chain mail        |       |    25 |   157 |   193 ||   375
       Skin              |       |       |       |    10 ||    10
Dodge: Dodged            |    39 |    44 |    58 |   116 ||   257
Block: Buckler           |     8 |       |       |       ||     8
       Kite shield       |    22 |    60 |   103 |   189 ||   374

Levels and vault maps discovered:
D:1:      psy_arrival_terrarium, layout_loops_corners
D:2:      layout_basic, shapermc_ecumenical_altar_hornbeckon, minmay_lizard_king
D:3:      layout_loops_ring, uniq_jessica
D:4:      layout_loops_corners, minitemple, serial_shops,
          nicolae_shop_bloodbath_and_beyond, kennysheep_generic_room_9
D:5:      layout_basic, gammafunk_ghost_hive, nicolae_kite_square_tiling_tiny,
          uniq_blork_the_orc, uniq_ijyb, uniq_eustachio, uniq_grinder,
          uniq_sigmund
D:6:      layout_cave_pools, cheibrodos_ashenzari_chains,
          minmay_temple_entry_sparse_star, roderic_batcave
D:7:      layout_basic, serial_shops, shop
D:8:      layout_loops_cross, due_lair_maze_entry_diamond, nicolae_hexahallways,
          amcnicky_mini_rare_corridor_liquid
D:9:      layout_irregular_city, nicolae_overflow_squiral, erik_orc_4,
          hangedman_decor_push, minivault_1, nrook_mini_backslash
D:10:     lemuel_ice_statue, layout_grid_maze, serial_shops, shop
D:11:     layout_cave_pools, grunt_decor_fettered, nicolae_take_the_stairs
Lair:1:   layout_chaotic_city, small_statue_intersection, minivault_27,
          infiniplex_staircase_pool_2, serial_bayou_shore_a, grunt_megastairs_3

Notes
Turn   | Place    | Note
-------+----------+-------------------------------------------
     0 | D:1      | spiderkeys the Hill Orc Fighter began the quest for the
                  | Orb.
     0 | D:1      | Reached XP level 1. HP: 19/19 MP: 1/1
     0 | D:1      | magus.rc [v1.11.3]
    76 | D:1      | You add the spells Sting, Ice Form and Irradiate to your
                  | library.
    76 | D:1      | Got Jeemouc's Folio of Shapeshifting
   270 | D:1      | Reached XP level 2. HP: 27/27 MP: 2/2
   300 | D:1      | Reached skill level 3 in Axes
   526 | D:1      | You fall into a shaft and drop 1 floor!
   631 | D:2      | You add the spells Malign Gateway and Summon Horrible
                  | Things to your library.
   643 | D:2      | Reached skill level 4 in Fighting
   748 | D:2      | Reached XP level 3. HP: 33/33 MP: 3/3
  1120 | D:1      | You pick up a book of Minor Magic and begin reading...
  1120 | D:1      | You add the spells Magic Dart, Call Imp and Mephitic Cloud
                  | to your library.
  1318 | D:2      | Identified the +3 whip "Laifeini" {freeze, Int+4 Dex+2
                  | SInv}
  2104 | D:2      | Reached XP level 4. HP: 40/40 MP: 4/4
  2140 | D:2      | Found a faded altar of an unknown god.
  2273 | D:2      | Reached skill level 4 in Armour
  2329 | D:2      | Reached skill level 4 in Shields
  2402 | D:3      | Noticed Jessica
  2409 | D:3      | Killed Jessica
  2486 | D:3      | HP: 8/41 [orc/+0 trident (7)]
  2490 | D:3      | HP: 2/41 [orc/+0 dagger (4)]
  2491 | D:3      | Reached skill level 4 in Axes
  2491 | D:3      | Reached XP level 5. HP: 2/47 MP: 5/5
  2791 | D:3      | You pick up a book of Displacement and begin reading...
  2791 | D:3      | You add the spells Lesser Beckoning, Gell's Gravitas and
                  | Teleport Other to your library.
  3679 | D:4      | Noticed an ice beast
  3688 | D:4      | Killed an ice beast
  3689 | D:4      | Reached skill level 5 in Fighting
  3689 | D:4      | Reached XP level 6. HP: 43/56 MP: 6/6
  3777 | D:4      | Found Gof Uzuu's Weapon Boutique.
  3787 | D:4      | Identified the +1 leather armour of Vanity {Rampage SInv}
  4057 | D:4      | Reached skill level 5 in Axes
  4334 | D:4      | Reached skill level 5 in Armour
  4454 | D:4      | Found a stormy altar of Qazlal.
  4529 | D:4      | Found a bloodstained altar of Trog.
  4529 | D:4      | Found an opulent altar of Gozag.
  4529 | D:4      | Found an ancient bone altar of Kikubaaqudgha.
  4529 | D:4      | Found a basalt altar of Yredelemnul.
  4534 | D:4      | Found a hazy altar of Hepliaklqana.
  4535 | D:4      | Found a burning altar of Makhleb.
  4543 | D:4      | Became a worshipper of Hepliaklqana the Forgotten
  4660 | D:4      | Reached skill level 5 in Shields
  4704 | D:4      | Reached XP level 7. HP: 60/61 MP: 7/7
  4967 | D:5      | Entered Level 5 of the Dungeon
  5047 | D:5      | Noticed Sigmund
  5060 | D:5      | Killed Sigmund
  5061 | D:5      | Reached skill level 6 in Fighting
  5208 | D:5      | Noticed Ijyb
  5220 | D:5      | Killed Ijyb
  5292 | D:5      | Reached skill level 6 in Axes
  5464 | D:5      | Reached XP level 8. HP: 55/70 MP: 8/8
  5667 | D:5      | Reached * piety under Hepliaklqana
  5669 | D:5      | Noticed Grinder
  5693 | D:5      | Killed Grinder
  5694 | D:5      | Reached skill level 6 in Armour
  5694 | D:5      | Reached skill level 6 in Shields
  5698 | D:5      | Found a transporter.
  5700 | D:5      | Found a transporter.
  5701 | D:5      | Noticed greasedhog's ghost (novice GrHu)
  5759 | D:5      | Reached skill level 7 in Axes
  5895 | D:5      | Reached skill level 7 in Fighting
  6074 | D:5      | Noticed Eustachio
  6076 | D:5      | Noticed Eustachio
  6076 | D:5      | Eustachio changed into Eustachio the ice beast
  6088 | D:5      | Killed Eustachio the ice beast
  6210 | D:5      | Noticed Blork the orc
  6212 | D:5      | Noticed Blork
  6212 | D:5      | Blork the orc changed into Blork the swamp drake
  6222 | D:5      | Killed Blork the swamp drake
  6438 | D:5      | Noticed a hornet
  6591 | D:6      | Reached XP level 9. HP: 71/71 MP: 9/9
  6624 | D:6      | You pick up a book of Debilitation and begin reading...
  6624 | D:6      | You add the spells Slow, Vampiric Draining and Confusing
                  | Touch to your library.
  6638 | D:6      | Found a broken altar of Ashenzari.
  6681 | D:6      | Reached skill level 7 in Armour
  6681 | D:6      | Reached skill level 7 in Shields
  6689 | D:6      | Reached skill level 8 in Axes
  6694 | D:6      | HP: 17/72 [poisoned by a scorpion]
  7001 | D:6      | Found a staircase to the Ecumenical Temple.
  7046 | D:6      | Reached ** piety under Hepliaklqana
  7047 | D:6      | Remembered your ancestor Skullybones as a hexer
  7121 | D:6      | Reached skill level 8 in Fighting
  7598 | D:7      | Found Hibbuv's Book Emporium.
  8331 | D:8      | You add the spells Ignite Poison and Freezing Cloud to your
                  | library.
  8552 | D:8      | Reached skill level 9 in Axes
  8552 | D:8      | Reached skill level 8 in Armour
  8714 | D:8      | Noticed a komodo dragon
  8722 | D:8      | Reached skill level 8 in Shields
  8725 | D:8      | Killed a komodo dragon
  8726 | D:8      | Reached skill level 9 in Fighting
  8729 | D:8      | Reached XP level 10. HP: 57/81 MP: 10/10
  8730 | D:8      | Found a staircase to the Lair.
  9081 | D:8      | Reached skill level 10 in Axes
  9584 | D:8      | Reached skill level 9 in Armour
  9851 | D:9      | Reached skill level 9 in Shields
 10509 | D:9      | Reached skill level 10 in Fighting
 10633 | D:9      | Reached *** piety under Hepliaklqana
 10659 | D:9      | Found a staircase to the Orcish Mines.
 11085 | D:9      | Reached skill level 11 in Axes
 11089 | D:9      | Reached XP level 11. HP: 59/90 MP: 11/11
 11289 | D:9      | Found a sparkling altar of Nemelex Xobeh.
 11290 | D:9      | Found an iron altar of Okawaru.
 11599 | D:10     | Entered Level 10 of the Dungeon
 12163 | D:10     | Found Dadwiel's Book Shop.
 12222 | D:10     | Noticed a tengu warrior
 12223 | D:10     | Noticed a tengu warrior
 12236 | D:10     | Killed a tengu warrior
 12237 | D:10     | Reached skill level 10 in Armour
 12237 | D:10     | Reached skill level 10 in Shields
 12257 | D:10     | HP: 13/90 [tengu warrior/+0 long sword (13)]
 12260 | D:10     | Killed a tengu warrior
 12261 | D:10     | Reached skill level 11 in Fighting
 12623 | D:10     | Reached **** piety under Hepliaklqana
 13094 | D:11     | Noticed a boulder beetle
 13226 | Lair:1   | Entered Level 1 of the Lair of Beasts
 13255 | Lair:1   | Reached skill level 12 in Axes
 13260 | Lair:1   | HP: 21/91 [water moccasin (6)]
 13263 | Lair:1   | Gained mutation: You occasionally shout uncontrollably at
                  | your foes. [potion of mutation]
 13263 | Lair:1   | Gained mutation: You occasionally lose the ability to read
                  | scrolls when taking damage. [potion of mutation]
 13270 | Lair:1   | HP: 31/136 [water moccasin (7)]
 13276 | Lair:1   | HP: 29/136 [blink frog (4)]
 13596 | Lair:1   | Lost mutation: You occasionally shout uncontrollably at
                  | your foes. [potion of mutation]
 13596 | Lair:1   | Lost mutation: You occasionally lose the ability to read
                  | scrolls when taking damage. [potion of mutation]
 13596 | Lair:1   | Gained mutation: You are frail. (-10% HP) [potion of
                  | mutation]
 13596 | Lair:1   | Gained mutation: Your body sometimes deteriorates upon
                  | taking damage. [potion of mutation]
 13696 | Lair:1   | Noticed a seven-headed hydra
 13816 | Lair:1   | HP: 16/81 [seven-headed hydra (11)]
 13817 | Lair:1   | Slain by a cane toad

Vanquished Creatures
  2 tengu warriors (D:10)
  A troll (D:9)
  A hornet (D:8)
  4 blink frogs (Lair:1)
  A shadow (D:10)
  Sigmund (D:5)
  A wraith (D:9)
  6 yaks
  2 steam dragons (D:9)
  6 water moccasins
  A black bear (D:8)
  2 ice beasts
  An orc warrior (D:9)
  An ogre (D:7)
  A phantom (D:5)
  5 bullfrogs
  3 scorpions
  A necrophage (D:4)
  A gnoll sergeant (D:10)
  15 killer bees
  A howler monkey (D:5)
  An electric eel (D:9)
  A hound (D:4)
  5 jellies
  6 orc priests
  Jessica (D:3)
  Ijyb (D:5)
  A hexer (D:10)
  An iguana (D:5)
  7 orc wizards
  9 gnolls
  4 adders
  A shadow imp (D:4)
  3 white imps
  An ufetubus (D:7)
  5 worms
  39 orcs
  13 bats
  4 endoplasms
  A giant cockroach (D:3)
  9 hobgoblins
  2 jackals (D:2)
  3 quokkas
  8 ball pythons
  12 frilled lizards
  9 goblins
  10 kobolds
  5 rats
219 creatures vanquished.

Vanquished Creatures (collateral kills)
  A komodo dragon (D:8)
  A troll (D:10)
  Grinder (D:5)
  A blink frog (Lair:1)
  2 yaks (D:9)
  7 water moccasins
  A swamp drake (D:5)
  An orc warrior (D:9)
  2 black bears
  An ogre (D:5)
  3 centaurs
  A kobold brigand (D:8)
  2 scorpions (D:6)
  5 killer bees
  A vampire bat (D:6)
  4 orc priests
  A hound (D:6)
  A gnoll bouda (D:9)
  7 orc wizards
  6 gnolls
  An adder (D:6)
  A dart slug (D:5)
  5 orcs
  A bat (D:6)
  2 kobolds (D:8)
59 creatures vanquished.

Vanquished Creatures (others)
  4 hexers
  A gnoll (D:9)
  50 fungi
  61 plants
116 creatures vanquished.

Grand Total: 394 creatures vanquished

Table legend:
 A = Non-vault XP
 B = Vault XP
 C = Vault XP percentage of total XP
 D = Non-vault monster count
 E = Vault monster count
 F = Vault count percentage of total count
                 A         B        C        D         E       F
            +---------+---------+-------+---------+---------+-------
      Total |   10004 |    5310 |  34.7 |     214 |      64 |  23.0
            +---------+---------+-------+---------+---------+-------
        D:1 |      33 |       0 |   0.0 |      22 |       0 |   0.0
        D:2 |      69 |      11 |  13.8 |      20 |      11 |  35.5
        D:3 |      87 |      37 |  29.8 |      16 |       1 |   5.9
        D:4 |     371 |      15 |   3.9 |      20 |       1 |   4.8
        D:5 |     907 |     818 |  47.4 |      22 |       5 |  18.5
        D:6 |     768 |      67 |   8.0 |      21 |       8 |  27.6
        D:7 |     671 |       0 |   0.0 |      16 |       0 |   0.0
        D:8 |    1282 |    1793 |  58.3 |      31 |      13 |  29.5
        D:9 |    2346 |     517 |  18.1 |      19 |      16 |  45.7
       D:10 |    2960 |       0 |   0.0 |      21 |       0 |   0.0
       D:11 |     357 |       0 |   0.0 |       5 |       0 |   0.0
     Lair:1 |     153 |    2052 |  93.1 |       1 |       9 |  90.0
            +---------+---------+-------+---------+---------+-------

Illustrated notes

Table legend:
 A = Kills in this place as a percentage of kills in entire the game.
 B = Kills by you in this place as a percentage of kills by you in the entire game.
 C = Kills by friends in this place as a percentage of kills by friends in the entire game.
 D = Other kills in this place as a percentage of other kills in the entire game.
 E = Experience gained in this place as a percentage of experience gained in the entire game.
 F = Experience gained in this place divided by the number of levels of this place that you have seen.
                   A       B       C       D       E      F
               +-------+-------+-------+-------+-------+----------------------
         Total | 100.0 | 100.0 | 100.0 | 100.0 | 100.0 | 1276.2
       Dungeon |  96.4 |  96.3 |  96.6 | 100.0 |  85.6 | 1191.7
          Lair |   3.6 |   3.7 |   3.4 |   0.0 |  14.4 | 2205.0
               +-------+-------+-------+-------+-------+----------------------

Table legend: (Time is in decaauts)
 A = Elapsed time spent in this place.
 B = Non-inter-level travel time spent in this place.
 C = Inter-level travel time spent in this place.
 D = Time resting spent in this place.
 E = Time spent auto-exploring this place.
 F = Levels seen in this place.
 G = Mean time per level.
                   A        B        C        D        E       F      G
               +--------+--------+--------+--------+--------+-----+--------+
         Total |  14020 |  13595 |    425 |   1698 |   9790 |  12 | 1168.3 |
       Dungeon |  13500 |  13075 |    425 |   1385 |   9686 |  11 | 1227.3 |
          Lair |    520 |    520 |      0 |    313 |    104 |   1 |  520.0 |
               +--------+--------+--------+--------+--------+-----+--------+

Top non-repeatable levels by time:
     D:8: 2088 daAuts
     D:5: 1663 daAuts
    D:10: 1469 daAuts
     D:9: 1460 daAuts
     D:2: 1389 daAuts
     D:4: 1357 daAuts
     D:3: 1325 daAuts
     D:1: 981 daAuts
     D:6: 945 daAuts
     D:7: 723 daAuts
  Lair:1: 520 daAuts
    D:11: 95 daAuts
